 Dungeon Crawl Stone Soup version 0.32-a0-411-g744942f433 (webtiles) character file.

Game seed: 17931436827892001662

21 zeratav the Poker (level 2, 21/25 (26) HPs)
             Began as a Minotaur Fighter on Feb 21, 2024.
             Quit the game on level 1 of the Dungeon.
             The game lasted 00:01:04 (270 turns).

zeratav the Poker (Minotaur Fighter)                 Turns: 270, Time: 00:01:05

HP:   21/25 (26)    AC:  6    Str: 20    XL:     2   Next: 65%
MP:   1/1           EV:  9    Int:  5    God:
Gold: 10            SH:  4    Dex:  9    Spells: 1/1 levels left

rFire   . . .        a - +0 trident {polearm}
rCold   . . .        c - +0 buckler
rNeg    . . .        b - +0 scale mail
rPois   .            (helmet restricted)
rElec   .            (no cloak)
rCorr   .            (no gloves)
SInv    .            (no boots)
Will    .....        (no amulet) Stlth
                     (no ring)
HPRegen 0.24/turn    (no ring)
MPRegen 0.07/turn

%: no passive effects
@: lightly drained
A: horns 2, retaliatory headbutt
a: no special abilities


You were on level 1 of the Dungeon.
You visited 1 branch of the dungeon, and saw 1 of its levels.

You collected 10 gold pieces.


Innate Abilities, Weirdness & Mutations

You have a pair of horns on your head.
You reflexively headbutt those who attack you in melee.


   Skills:
 - Level 3.6 Fighting
 + Level 4.0 Polearms
 - Level 3.6 Armour
 - Level 3.6 Shields


You had one spell level left.
You didn't know any spells.
Your spell library was empty.

Inventory:

Hand Weapons
 a - a +0 trident (weapon) {polearm}
 e - a +2 dagger of draining {short}
   (You took it off a kobold on level 1 of the Dungeon)
Armour
 b - a +0 scale mail (worn)
 c - a +0 buckler (worn)
 i - a +0 pair of gloves
   (You found it on level 1 of the Dungeon)
Scrolls
 f - 2 scrolls of identify {unknown}
 g - a scroll of teleportation {unknown}
Potions
 d - a potion of might
 h - a potion of enlightenment {unknown}

Dungeon Overview and Level Annotations

Branches:
Dungeon (1/15) Zot: 5725

Altars:

#..#..## #.# #.# #.# #.###..#
##+## #.###.# #..#...# ##...##
##...## ##...#.# ##.....##
##.## ####..## ##.......##
#..##
#####....###.........####...##
...........+.........+.......#
#####....###.........####...##
#....# #...@...# ###..##
#.#.)# ##.....## #.....#
#.#..# ##...## #.#...# #....#
##'######.#.#.# ###.##
#.#...##.##..# ####.#####
#.#...##.....# #........#
##.#...#####.##
#.##.###.###.........##.#
#.##.##..............##.#


There were no monsters in sight!


Message History

No target in view!
No target in view!
Things that are here:
a +0 whip {mace}; a kobold corpse A giant cockroach comes into view.
You hit the giant cockroach. You block the giant cockroach's attack.
The giant cockroach closely misses you.
You closely miss the giant cockroach.
The giant cockroach bites you but does no damage.
You barely miss the giant cockroach. The giant cockroach barely misses you.
You closely miss the giant cockroach. The giant cockroach closely misses you.
The giant cockroach bites you but does no damage.
You hit the giant cockroach. You block the giant cockroach's attack.
You hit the giant cockroach.
You kill the giant cockroach!
No target in view!
No target in view!
No target in view!
No target in view!
No target in view!
No target in view!
No target in view!
No target in view!
No target in view!
No target in view!
A kobold comes into view. It is wielding a +0 dagger.
The kobold shouts!
The kobold moves out of view.
The kobold throws a stone.
The stone barely misses you.
The kobold throws a stone.
The stone hits you but does no damage.
You reach to attack!
You puncture the kobold!
You kill the kobold!
No target in view!
No target in view!
No target in view!
No target in view!
No target in view!
No target in view!
No target in view!
No target in view!
No target in view!
No target in view!
A kobold comes into view. It is wielding a +0 dagger.
A kobold is nearby!
You hit the kobold.
You kill the kobold!
No target in view!
No target in view!
No target in view!
No target in view!
No target in view!
No target in view!
No target in view!
No target in view!
No target in view!
No target in view!
No target in view!
No target in view!
You see here a +0 dagger {short}.
i - a +0 pair of gloves You see here a +0 dagger {short}.
A frilled lizard comes into view.
The frilled lizard hisses angrily.
A frilled lizard is nearby!
You puncture the frilled lizard!
You kill the frilled lizard!
No target in view!
No target in view!
No target in view!
No target in view!
No target in view!
No target in view!
f - 2 scrolls labelled LERPHIYRAX (gained 1)
You open the door.
A dart slug comes into view.
There is an open door here.
A dart slug is nearby!
A dart slug is nearby!
A dart slug is nearby!
The dart slug launches a dart at you. The slug dart hits you.
HP[-4]
You take 4 damage, and now have 20/24 hp.
HP[+1]
You reach to attack!
You puncture the dart slug! The dart slug launches a dart at you.
The slug dart hits you but does no damage.
You reach to attack!
You hit the dart slug.
You kill the dart slug!
Your Polearms skill increases to level 4!
You now have 25 max hp (+1).
No target in view!
No target in view!
No target in view!
No target in view!
No target in view!
No target in view!
No target in view!
No target in view!
Are you sure you want to abandon this character and quit the game? (Confirm with "yes".)

Skill      XL: |  1  2 |
---------------+-------+-----
Polearms       | 3 4 |  4.0
Fighting       | |  3.6
Armour         | |  3.6
Shields        | |  3.6

Action                     || total
---------------------------++-------
  Melee: Trident           ||    26
         Headbutt          ||     2
 Armour: Scale mail        ||    12
  Dodge: Dodged            ||     5
  Block: Buckler           ||     3

Levels and vault maps discovered:
D:1:      dpeg_arrival_fog, layout_loops_corners

Notes
Turn   | Place    | Note
-------+----------+-------------------------------------------
     0 | D:1      | zeratav the Minotaur Fighter began the quest for the Orb.
     0 | D:1      | Reached XP level 1. HP: 19/19 MP: 0/0
     0 | D:1      | magus.rc [v1.9.6]
    94 | D:1      | Reached skill level 3 in Polearms
   107 | D:1      | Reached XP level 2. HP: 23/24 MP: 1/1
   270 | D:1      | Reached skill level 4 in Polearms
   270 | D:1      | Quit the game

Vanquished Creatures
  2 dart slugs (D:1)
  2 bats (D:1)
  A giant cockroach (D:1)
  4 kobolds (D:1)
  A frilled lizard (D:1)
10 creatures vanquished.

Table legend:
 A = Non-vault XP
 B = Vault XP
 C = Vault XP percentage of total XP
 D = Non-vault monster count
 E = Vault monster count
 F = Vault count percentage of total count
                 A         B        C        D         E       F
            +---------+---------+-------+---------+---------+-------
      Total |      31 |       0 |   0.0 |      10 |       0 |   0.0
            +---------+---------+-------+---------+---------+-------
        D:1 |      31 |       0 |   0.0 |      10 |       0 |   0.0
            +---------+---------+-------+---------+---------+-------

Skill      XL: |  1  2 |
---------------+-------+-----
Polearms       | 3 4 |  4.0
Fighting       | |  3.6
Armour         | |  3.6
Shields        | |  3.6

Action                     || total
---------------------------++-------
  Melee: Trident           ||    26
         Headbutt          ||     2
 Armour: Scale mail        ||    12
  Dodge: Dodged            ||     5
  Block: Buckler           ||     3

Illustrated notes

Table legend:
 A = Kills in this place as a percentage of kills in the entire game.
 B = Kills by you in this place as a percentage of kills by you in the entire game.
 C = Kills by friends in this place as a percentage of kills by friends in the entire game.
 D = Other kills in this place as a percentage of other kills in the entire game.
 E = Experience gained in this place as a percentage of experience gained in the entire game.
 F = Experience gained in this place divided by the number of levels of this place that you have seen.
                   A       B       C       D       E      F
               +-------+-------+-------+-------+-------+----------------------
         Total | 100.0 | 100.0 |   N/A |   N/A | 100.0 |  31.0
       Dungeon | 100.0 | 100.0 |   N/A |   N/A | 100.0 |  31.0
               +-------+-------+-------+-------+-------+----------------------

Table legend: (Time is in decaauts)
 A = Elapsed time spent in this place.
 B = Non-inter-level travel time spent in this place.
 C = Inter-level travel time spent in this place.
 D = Time resting spent in this place.
 E = Time spent auto-exploring this place.
 F = Levels seen in this place.
 G = Mean time per level.
                   A        B        C        D        E       F      G
               +--------+--------+--------+--------+--------+-----+--------+
         Total |    274 |    274 |      0 |      0 |    212 |   1 |  274.0 |
       Dungeon |    274 |    274 |      0 |      0 |    212 |   1 |  274.0 |
               +--------+--------+--------+--------+--------+-----+--------+

Top non-repeatable levels by time:
     D:1: 274 daAuts
